Map: Echo LE (Void)

Players

Kahsinh

  • Race: Protoss Protoss
  • League: Grandmaster

Javert - Winner!

  • Race: Zerg Zerg
  • League: Grandmaster

VOD

Have the link to the VOD?

Description

Time

  • Played on: June 13, 2015, 1:34 a.m.
  • Length: 6:39
Show
View Real Time Build Order
Export as new Build Order

Kahsinh Protoss 

Build Orders: Phoenix Opening 

Get SALT Encoding   

  12  0:01  Probe  
  13  0:14  Probe  
  14  0:22  Pylon  
  14  0:39  Pylon  
  14  0:40  Probe (Chrono Boost)  
  15  0:49  Gateway  
  16  0:50  Probe (Chrono Boost)  
  16  0:57  Probe (Chrono Boost)  
  17  1:01  Assimilator  
  17  1:09  Probe (Chrono Boost)  
  18  1:17  Probe (Chrono Boost)  
  19  1:26  Probe  
  20  1:38  Cybernetics Core, Probe (Chrono Boost)  
  21  1:43  Assimilator  
  21  1:49  Probe (Chrono Boost)  
  21  1:52  Pylon  
  22  1:56  Probe (Chrono Boost)  
  23  2:07  Probe  
  24  2:25  Stargate  
  24  2:39  Probe  
  25  2:51  Probe, Nexus  
  26  2:53  Pylon  
  26  3:04  Probe  
  27  3:07  Forge  
  27  3:09  Phoenix (Chrono Boost)  
  29  3:13  Zealot  
  29  3:16  Probe  
  29  3:18  Pylon  
  32  3:20  Warp Gate  
  32  3:28  Probe  
  32  3:31  Phoenix (Chrono Boost)  
  34  3:43  Photon Cannon  
  33  4:24  Photon Cannon  
  33  4:26  Gateway  
  33  4:32  Phoenix  
  35  4:49  Photon Cannon  
  35  4:55  Photon Cannon  
  24  5:08  Probe  
  25  5:17  Photon Cannon  
  22  5:22  Void Ray (Chrono Boost)  
  22  5:26  Stalker  
  17  5:45  Probe (Chrono Boost)  
  10  5:57  Probe (Chrono Boost)  
  9  6:05  Probe (Chrono Boost)  
  10  6:22  Probe (Chrono Boost)  
Show
View Real Time Build Order
Export as new Build Order

Javert Zerg - Winner!

Build Orders: Hatch First 

Get SALT Encoding   

  12  0:01  Drone  
  13  0:12  Drone  
  14  0:17  Overlord  
  14  0:37  Drone x3  
  17  0:55  Hatchery  
  16  1:10  Spawning Pool  
  15  1:12  Drone  
  15  1:16  Drone  
  17  1:21  Drone  
  18  1:26  Drone, Extractor  
  18  1:43  Drone  
  19  1:50  Overlord  
  19  1:56  Drone  
  19  1:57  Queen  
  22  2:09  Queen  
  22  2:13  Drone x2  
  26  2:23  Zergling x4  
  28  2:30  Metabolic Boost  
  28  2:34  Queen  
  30  2:38  Zergling x4  
  32  2:52  Zergling x8  
  36  3:03  Overlord  
  36  3:32  Hatchery  
  35  3:35  Zergling x14  
  35  3:36  Zergling x2  
  40  3:58  Zergling x8  
  42  4:13  Overlord x2  
  42  4:24  Overlord x2  
  42  4:29  Drone x2  
  44  4:37  Overlord x2  
  44  4:40  Spore Crawler  
  44  4:41  Extractor  
  44  4:42  Spore Crawler  
  39  5:05  Drone x10  
  45  5:13  Drone  
  41  5:23  Lair  
  38  5:38  Drone x3  
  38  5:39  Drone x4  
  45  5:50  Drone x5  
  49  6:09  Extractor  
  49  6:10  Extractor  
  45  6:14  Zergling x20  
  55  6:32  Hydralisk Den  
Tags
 
Add a new tag
Caveats
  • Supply blocks, unpowered buildings, or Contaminate may cause inaccurate times.
  • Supply counts are checked every 10 seconds.